 Dungeon Crawl Stone Soup version 0.30-b1-2-g02819fbbbe (webtiles) character file.

Game seed: 9571978458250947099

21399 Alarkh the Skirmisher (level 12, -3/91 HPs)
             Began as a Demonspawn Hunter on June 25, 2023.
             Was a Follower of Uskayaw.
             Slain by a raiju (9 damage)
             ... on level 1 of the Abyss.
             The game lasted 00:21:27 (11067 turns).

Alarkh the Skirmisher (Demonspawn Hunter)          Turns: 11067, Time: 00:21:27

Health: -3/91      AC: 12    Str: 12    XL:     12   Next: 53%
Magic:  12/15      EV: 15    Int: 15    God:    Uskayaw [*.....]
Gold:   468        SH:  8    Dex: 23    Spells: 11/11 levels left

rFire   . . .        b - +2 short sword (venom)
rCold   . . .        (no shield)
rNeg    . . .        M - +2 ring mail {rPois}
rPois   +            (helmet restricted)
rElec   .            d - +0 cloak
rCorr   .            q - +0 pair of gloves
SInv    +            u - +0 pair of boots
Will    .....        f - amulet of regeneration
Stlth   +++          h - +6 ring of dexterity
HPRegen 1.15/turn    p - ring of see invisible
MPRegen 0.28/turn

%: clarity
@: no status effects
A: large bone plates 3, powered by death 3, magic regeneration, demonic touch 2,
horns 1, clarity
a: Renounce Religion, Stomp


You were on level 1 of the Abyss.
You worshipped Uskayaw.
Uskayaw was noncommittal.
You visited 2 branches of the dungeon, and saw 12 of its levels.
You visited the Abyss 1 time.

You collected 783 gold pieces.
You spent 315 gold pieces at shops.

Inventory:

Hand Weapons
 a - a +0 shortbow
 b - a +2 short sword of venom (weapon)
 v - a +0 dagger of venom
Missiles
 S - a throwing net
Armour
 c - a +0 leather armour
 d - a +0 cloak (worn)
 q - a +0 pair of gloves (worn)
 t - a +0 ring mail of willpower
 u - a +0 pair of boots (worn)
 M - a +2 ring mail of poison resistance (worn)
 N - a +2 ring mail of cold resistance
 P - +0 steam dragon scales
 X - the +1 ring mail "Xuemasir" {Fly}
   (You bought it in a shop on level 11 of the Dungeon)

   Fly:       It grants you flight.
 Y - the +1 kite shield of the Purple Skies {Drain rElec Will+ Int+6}
   (You found it on level 11 of the Dungeon)

   Int:       It affects your intelligence (+6).
   rElec:     It insulates you from electricity.
   Drain:     It drains your maximum health when unequipped.
   Will:      It increases your willpower.
Jewellery
 f - an amulet of regeneration (around neck)
 h - a +6 ring of dexterity (left hand)
 p - a ring of see invisible (right hand)
 L - a ring of fire
 T - a ring of magical power
 U - a +4 ring of slaying
 V - a ring of willpower
 W - a ring of positive energy
Wands
 Q - a wand of flame (8)
 Z - a wand of mindburst (1)
Scrolls
 e - 5 scrolls of teleportation {unknown}
 i - a scroll of fog
 l - 4 scrolls of amnesia
 m - a scroll of immolation
 o - 4 scrolls of magic mapping
 r - 2 scrolls of identify
 x - 2 scrolls of summoning {unknown}
 y - 2 scrolls of noise
 C - a scroll of vulnerability
 D - a scroll of enchant armour
 E - a scroll of silence {unknown}
 F - a scroll of poison {unknown}
 I - a scroll of enchant weapon {unknown}
 J - 2 scrolls of brand weapon {unknown}
 K - a scroll of fear
 O - 2 scrolls of torment {unknown}
Potions
 g - 3 potions of mutation
 j - 2 potions of might
 k - 2 potions of degeneration
 n - 2 potions of brilliance
 s - a potion of haste
 w - 5 potions of lignification
 z - a potion of berserk rage
 B - a potion of attraction
 G - 8 potions of curing
 H - 3 potions of flight
 R - a potion of heal wounds


   Skills:
 + Level 7.1 Fighting
 * Level 9.8 Short Blades
 * Level 11.4 Ranged Weapons
 + Level 6.1 Armour
 + Level 6.6 Dodging
 + Level 6.8 Stealth
 + Level 4.2 Invocations


You had 11 spell levels left.
You didn't know any spells.
Your spell library contained the following spells:

 Spells                   Type           Power      Damage    Failure   Level
 Apportation              Tloc           0%         N/A       50%         1
 Magic Dart               Conj           0%         1d3       50%         1
 Necrotise                Necr           0%         1d4       50%         1
 Summon Small Mammal      Summ           0%         N/A       50%         1
 Call Imp                 Summ           0%         N/A       63%         2
 Ensorcelled Hibernation  Hex/Ice        0%         N/A       63%         2
 Passwall                 Tmut/Erth      0%         N/A       63%         2
 Dazzling Flash           Conj/Hex       0%         N/A       86%         3
 Mephitic Cloud           Conj/Pois/Air  0%         N/A       86%         3
 Swiftness                Air            0%         N/A       86%         3
 Vampiric Draining        Necr           0%         2d6       86%         3
 Volatile Blastmotes      Fire/Tloc      0%         2d10      86%         3
 Iskenderun's Mystic Bla  Conj/Tloc      0%         2d3       99%         4
 Passage of Golubria      Tloc           0%         N/A       99%         4
 Agony                    Necr           0%         N/A       100%        5
 Silence                  Hex/Air        0%         N/A       100%        5
 Starburst                Conj/Fire      0%         6d3       100%        6
 Lehudib's Crystal Spear  Conj/Erth      0%         10d2      100%        8


Dungeon Overview and Level Annotations

Branches:
Dungeon (11/15)            Temple (1/1) D:5            Lair (0/5) D:11
    Orc (0/2) D:9

Altars:
Ashenzari
Cheibriados
Dithmenos
Fedhas
Gozag
Hepliaklqana
Kikubaaqudgha
Makhleb
Nemelex Xobeh
Okawaru
Qazlal
Ru
Sif Muna
Trog
Uskayaw
Vehumet
Wu Jian
Xom
Yredelemnul

Shops:
D:10 :   D:11 [

Annotations:
D:11 exclusion: hydra, Erolcha


Innate Abilities, Weirdness & Mutations

You are completely covered in large bone plates. (SH +8)
You regenerate a lot of health from kills.
You regenerate magic rapidly.
Your touch may inflict irresistible damage on your foes.
You have a pair of small horns on your head.
You possess an exceptional clarity of mind.


Message History

The tentacled starspawn blinks!
The crimson imp shouts!
You hit the small abomination but do no damage.
Your headbutt misses the small abomination.
You block the sixfirhy's attack. x2; The ufetubus misses you.
The ufetubus barely misses you. The small abomination hits you.
* * * LOW HITPOINT WARNING * * *
You block the flayed ghost's attack.
Okay, then.
You stomp with the beat, sending a shockwave through the revellers around you!
The raiju is moderately wounded.
The flayed ghost is moderately damaged.
The ufetubus is heavily wounded.
The sixfirhy is moderately wounded.
The tentacled starspawn is moderately damaged.
The small abomination is moderately damaged.
You can no longer stomp with the beat.
The smoke demon roars!
The sixfirhy misses you. x2
The sixfirhy hits you but does no damage.
The ufetubus misses you. You block the ufetubus's attack. The raiju bites you.
* * * LOW HITPOINT WARNING * * *
The raiju shocks you!
* * * LOW HITPOINT WARNING * * *
Tentacles burst from the starspawn's body!
You block the sixfirhy's attack. The small abomination hits you!
* * * LOW HITPOINT WARNING * * *
The flayed ghost cries, "Suffer as I suffered!"
You can now stomp with the beat. 2 starspawn tentacles come into view.
You closely miss the flayed ghost.
The white imp shouts, "Get thee hence, thou rank toot-wallowing urchin!"
You headbutt the flayed ghost.
You touch the flayed ghost!
The flayed ghost is heavily damaged.
You block the sixfirhy's attack.
The ufetubus hits you but does no damage. x2
The sixfirhy hits you but does no damage.
The raiju bites you.
* * * LOW HITPOINT WARNING * * *
The raiju shocks you!
You die...

## # #.# #.####
### #3...##.w#
#....x5X###
##..#@hw.# .
#~.W3#.# ..#
.##~.#~...# . #
#..5.♣~≈~### ..#
≈~~53≈~~~~~.##..~.
~~~≈~~≈~~≈~S~#..~~
~~≈5~~~≈~≈≈≈~≈~#
~~~~≈~~≈~~~~~~≈♣#
.#..#..§##.#...#


You could see a tentacled starspawn, a flayed ghost, a guardian serpent, a
sixfirhy, a smoke demon, a raiju, a ynoxinul, a small abomination, 2 starspawn
tentacles, a crimson imp, a white imp and 2 ufetubi.

Vanquished Creatures
  An Executioner (Abyss:1)
  A boulder beetle (D:11)
  A two-headed ogre (D:11)
  A sun demon (Abyss:1)
  3 ugly things (D:11)
  A manticore (D:11)
  A demonic crawler (Abyss:1)
  2 smoke demons (Abyss:1)
  A gargoyle (D:10)
  An orange demon (Abyss:1)
  An unseen horror (Abyss:1)
  A komodo dragon (D:11)
  3 ancient zymes (Abyss:1)
  4 raiju (Abyss:1)
  5 trolls
  An ettin skeleton (Abyss:1)
  2 large abominations (Abyss:1)
  2 ynoxinuls (Abyss:1)
  5 wyverns
  12 yaks
  A wraith (D:10)
  2 chaos spawn (Abyss:1)
  4 steam dragons
  11 vampire mosquitoes
  5 water moccasins
  An acid dragon (D:9)
  3 black bears
  4 ice beasts
  3 orc warriors
  A sky beast (Abyss:1)
  2 hornet zombies (D:6)
  3 wolves (D:11)
  11 centaurs
  A phantom (D:5)
  3 bullfrogs
  6 scorpions
  3 gnoll sergeants
  2 water moccasin zombies (D:6)
  13 wights
  6 small abominations (Abyss:1)
  5 killer bees
  2 howler monkeys (D:7)
  2 quasits (Abyss:1)
  2 jellies (D:6)
  2 gnoll boudas
  6 orc priests
  Crazy Yiuf (D:3)
  A hound (D:6)
  Jessica (D:2)
  5 iguanas
  2 sleepcaps
  6 orc wizards
  A killer bee zombie (D:6)
  A howler monkey zombie (D:6)
  19 gnolls
  9 adders
  5 shadow imps
  7 white imps
  4 ufetubi
  2 worms
  41 orcs
  6 endoplasms
  8 giant cockroaches
  5 hobgoblins
  7 jackals
  15 kobolds
  2 quokkas
  5 ball pythons
  A bat (D:1)
  2 frilled lizards
  6 goblins
  4 rats
  A lurking horror (Abyss:1)
320 creatures vanquished.

Vanquished Creatures (others)
  2 bushes (D:11)
  3 fungi (D:11)
  4 plants (D:11)
  10 withered plants (D:4)
19 creatures vanquished.

Grand Total: 339 creatures vanquished

Notes
Turn   | Place    | Note
-------+----------+-------------------------------------------
     0 | D:1      | Alarkh the Demonspawn Hunter began the quest for the Orb.
     0 | D:1      | Reached XP level 1. HP: 16/16 MP: 1/1
    92 | D:1      | Reached skill level 4 in Ranged Weapons
   161 | D:1      | Gained mutation: You regenerate a little health from kills.
                  | [demonic ancestry]
   161 | D:1      | Reached XP level 2. HP: 22/22 MP: 2/2
   767 | D:2      | Gained mutation: You are partially covered in large bone
                  | plates. (SH +4) [demonic ancestry]
   767 | D:2      | Reached XP level 3. HP: 27/27 MP: 3/3
   849 | D:2      | Noticed Jessica
   852 | D:2      | Killed Jessica
   853 | D:2      | Reached skill level 5 in Ranged Weapons
  1335 | D:3      | Found a runed translucent door.
  1336 | D:3      | Noticed Crazy Yiuf
  1831 | D:3      | Gained mutation: Your touch may inflict minor irresistible
                  | damage on your foes. [demonic ancestry]
  1831 | D:3      | Reached XP level 4. HP: 33/33 MP: 4/4
  2425 | D:3      | Gained mutation: You possess an exceptional clarity of
                  | mind. [potion of mutation]
  2425 | D:3      | Gained mutation: You have a pair of small horns on your
                  | head. [potion of mutation]
  2432 | D:3      | Killed Crazy Yiuf
  2658 | D:4      | Reached XP level 5. HP: 38/38 MP: 5/5
  2701 | D:4      | Found an ancient bone altar of Kikubaaqudgha.
  2827 | D:4      | Reached skill level 1 in Short Blades
  2827 | D:4      | Reached skill level 6 in Ranged Weapons
  3853 | D:5      | Entered Level 5 of the Dungeon
  3859 | D:5      | Gained mutation: Your touch may inflict irresistible damage
                  | on your foes. [demonic ancestry]
  3859 | D:5      | Reached XP level 6. HP: 44/44 MP: 6/6
  3924 | D:5      | Found a staircase to the Ecumenical Temple.
  3976 | Temple   | Entered the Ecumenical Temple
  4311 | D:5      | Gained mutation: You are mostly covered in large bone
                  | plates. (SH +6) [demonic ancestry]
  4311 | D:5      | Reached XP level 7. HP: 50/50 MP: 7/7
  4333 | D:5      | Found an ornate altar of the Wu Jian Council.
  4435 | D:5      | Reached skill level 7 in Ranged Weapons
  4648 | D:6      | Reached skill level 1 in Stealth
  4664 | D:6      | Found a basalt altar of Yredelemnul.
  4679 | D:6      | Reached skill level 1 in Armour
  4751 | D:6      | Gained mutation: You are completely covered in large bone
                  | plates. (SH +8) [demonic ancestry]
  4751 | D:6      | Reached XP level 8. HP: 30/57 MP: 8/8
  4997 | D:6      | Reached skill level 5 in Short Blades
  5030 | D:6      | Reached skill level 8 in Ranged Weapons
  5120 | D:6      | Reached XP level 9. HP: 64/64 MP: 9/9
  5337 | D:6      | Found a stormy altar of Qazlal.
  5661 | D:7      | Found a hide-covered altar of Uskayaw.
  5669 | D:7      | Became a worshipper of Uskayaw the Reveller
  5671 | D:7      | Reached * piety under Uskayaw
  5673 | D:7      | Reached ** piety under Uskayaw
  6545 | D:8      | Reached *** piety under Uskayaw
  6548 | D:8      | Reached **** piety under Uskayaw
  6551 | D:8      | Reached ***** piety under Uskayaw
  6560 | D:8      | Reached skill level 9 in Ranged Weapons
  6635 | D:8      | Gained mutation: You regenerate health from kills. [demonic
                  | ancestry]
  6635 | D:8      | Reached XP level 10. HP: 73/73 MP: 10/10
  7134 | D:9      | Found a staircase to the Orcish Mines.
  7556 | D:9      | Reached skill level 5 in Fighting
  8051 | D:9      | Reached skill level 5 in Dodging
  8051 | D:9      | Reached skill level 5 in Stealth
  8101 | D:10     | Entered Level 10 of the Dungeon
  8334 | D:10     | Noticed a gargoyle
  8343 | D:10     | Killed a gargoyle
  8344 | D:10     | Reached skill level 10 in Ranged Weapons
  8344 | D:10     | Gained mutation: You regenerate a lot of health from kills.
                  | [demonic ancestry]
  8344 | D:10     | Reached XP level 11. HP: 61/80 MP: 11/11
  8555 | D:10     | Found Gyapleef's Book Shoppe.
  8759 | D:10     | Reached ****** piety under Uskayaw
  9147 | D:11     | Noticed a green ugly thing
  9153 | D:11     | Killed a green ugly thing
  9184 | D:11     | Found Gooturugg's Antique Armour Shop.
  9189 | D:11     | Bought a jewelled ring mail for 315 gold pieces
  9189 | D:11     | Identified the +1 ring mail "Xuemasir" {Fly} (You bought it
                  | in a shop on level 11 of the Dungeon)
  9317 | D:11     | Found a staircase to the Lair.
  9336 | D:11     | Reached skill level 5 in Armour
  9553 | D:11     | Noticed a two-headed ogre
  9565 | D:11     | Killed a two-headed ogre
  9581 | D:11     | Identified the +1 kite shield of the Purple Skies {Drain
                  | rElec Will+ Int+6}
  9611 | D:11     | Reached skill level 1 in Invocations
  9641 | D:11     | Noticed a boulder beetle
  9648 | D:11     | Killed a boulder beetle
  9659 | D:11     | Noticed a red ugly thing
  9661 | D:11     | Noticed an eight-headed hydra
  9662 | D:11     | Killed a red ugly thing
  9670 | D:11     | Noticed a white ugly thing
  9676 | D:11     | Killed a white ugly thing
  9856 | D:11     | Noticed Erolcha
  9861 | Abyss:1  | Cast into level 1 of the Abyss (Erolcha)
  9884 | Abyss:1  | Found a corrupted altar of Lugonu.
  9964 | Abyss:1  | Noticed an Executioner
  9981 | Abyss:1  | Killed an Executioner
  9982 | Abyss:1  | Reached skill level 11 in Ranged Weapons
  9982 | Abyss:1  | Gained mutation: You regenerate magic rapidly. [demonic
                  | ancestry]
  9982 | Abyss:1  | Reached XP level 12. HP: 26/89 MP: 13/13
 10084 | Abyss:1  | Noticed a cacodemon
 10158 | Abyss:1  | Noticed a Hell Sentinel
 10360 | Abyss:1  | Noticed a bone dragon
 11059 | Abyss:1  | Noticed a tentacled starspawn
 11067 | Abyss:1  | Slain by a raiju

Illustrated notes

Levels and vault maps discovered:
D:1:      saegor_arrival_simple_e, layout_rooms
D:2:      layout_loops_ring, st_stairs_4, uniq_jessica
D:3:      layout_basic, kennysheep_nondescript, roderic_lattice_a,
          uniq_crazy_yiuf_cottage
D:4:      layout_layer_cave, tso_oasis_becter, kiku_gazebo_garden_becter,
          minmay_bent
D:5:      layout_basic, nzn_wu_jian_council_hall, minmay_temple_entry_mini_moons
D:6:      layout_loops_cross, nicolae_yredelemnul_corpse_copse,
          grunt_temple_overflow_diamond, minmay_pentangle
D:7:      layout_gridville, eat_drink_and_be_merry_uskayaw
D:8:      layout_loops_corners
D:9:      layout_gridville, hiddenorc2_lemuel
D:10:     layout_loops_corners, serial_shops, nicolae_shop_behind_doors
D:11:     minmay_chambers_of_sixes, layout_irregular_city,
          minmay_lair_entry_grove, serial_shops, nicolae_shop_hallway_stairs,
          uniq_erolcha
Temple:   minmay_temple_curvy_branch
Abyss:1:  base:
D:6

Skill      XL: |  1  2  3  4  5  6  7  8  9 10 11 12 |
---------------+-------------------------------------+-----
Ranged Weapons | 4 5 6 7 8 9 10 11 | 11.4
Short Blades   | 2 3 4 5 6 8 9 |  9.8
Stealth        | 1 2 4 5 6 |  6.8
Dodging        | 2 3 4 5 6 |  6.6
Armour         | 1 2 3 4 5 6 |  6.1
Fighting       | 3 4 5 6 7 |  7.1
Invocations    | 2 4 |  4.2

Action                     |  1- 3 |  4- 6 |  7- 9 | 10-12 || total
---------------------------+-------+-------+-------+-------++-------
  Melee: Short sword       |       |    22 |   226 |   652 ||   900
         Headbutt          |       |     6 |    48 |   177 ||   231
         Touch             |       |     2 |    42 |   160 ||   204
         Punch             |       |       |     4 |     5 ||     9
   Fire: Shortbow          |    76 |   166 |    85 |     9 ||   336
 Invoke: Stomp             |       |       |       |     1 ||     1
  Evoke: Wand              |       |       |       |     1 ||     1
    Use: Potion            |       |     3 |     3 |     5 ||    11
         Scroll            |       |     3 |     6 |     6 ||    15
   Stab: Sleeping          |       |       |     2 |     9 ||    11
         Paralysed         |       |       |     1 |    37 ||    38
         Distracted        |       |       |     1 |     3 ||     4
 Armour: Leather armour    |     3 |       |       |       ||     3
         Ring mail         |       |    49 |    52 |   146 ||   247
         Skin              |       |     1 |    20 |    46 ||    67
  Dodge: Dodged            |     6 |    73 |    92 |   369 ||   540
  Block: Other             |     1 |    33 |    70 |   254 ||   358
